Unix NetHack Version 5.0.0-0 post-release - last build May 23 2026 06:08:33 (1c0ff79ee797540d5714e4e18072db0edd9e58ae,branch:main).

Game began 2026-05-27 18:08:24, ended 2026-05-27 19:23:00.

Barrb, neutral female human Barbarian

                          ------                     ------   ----------  ---
                        --|.((%|                    --.....----........|..|(|
          ..-------     |.-.(((|     -...---    --..|...--......|...{..-).-||
         .........|     |.|..((|   -.......- ---|...|....---------.....|....|
         ........-- --+--.------ --.........--..|........|------ |.--|-------
         ...{....----.......... ....|...G.......|-...|...-|.(((| |.|...|
         .............-.---|-----..-|..........-|....|-...-.(((| |.|...-.
         ........|..---  |..|--.....|-....|.....|..-- ...-|..](| |.-------
          ---..  |...    |..|-...|..- -...|.--..|...|..   ------ |.......-
         +    ----...  ------...---...|   |.|------....-    -----------...|
              |.|..... |...|... .)....|   |.|..| -......    |?/)?./[[?|...|
              -.| ...---......  ...----   |...%| ...{...  --|=........|..--
             |..|  ..........   -.-    ---|[+..|-....... |..--------|--..--
         -----..|  ..|.....-    |.|    |...)--.-........--.....%..........|
        --.|....|    .-...-     |.|    |..|......-..+-.....-.--........--+-
    ---.........|     ...-    ---)---  |..+.----..-.. ...-- ..---.-..---
   --.|-.....----     |..|    |.....|  .---    --....|-.-   .. ...|-.|
   -..|... |.--------- ..|    |.._..| #        |>....|#     -+---+--.-
  |.....-  |....[....--.*.#[#(....s..%)h@)     -----..              ..
  |<..--    -----.......--    -------                              ----
  ----              -----
Barrb the Bandit           St:18/01 Dx:12 Co:18 In:7 Wi:12 Ch:6  Neutral
Dlvl:7  $:91 HP:0(72) Pw:21(21) AC:1  Xp:7 T:5405  Satiated Burdened

Latest messages:
 You try to feel what is lying here on the ground.
 There are several objects here.
 There is a rothe corpse here; eat it? [ynq] (n) n
 What do you want to eat? [kqW or ?*] 6
 No count allowed with this command.
 What do you want to eat? [kqW or ?*] <enter>
 Never mind.
 You try to feel what is lying here on the ground.
 You feel here 4 elven arrows.
 You hear someone beseeching Set.
 You hear someone cursing shoplifters.
 A giant beetle suddenly appears!
 You can see again.
 You hear a door open.
 You are in full health.
 The bugbear picks up a dagger.
 You hear someone beseeching Set.
 You stop searching.
 You stop searching.
 The bugbear throws a dagger!
 It is missed.
 It is missed.
 A dagger misses you.
 You stop searching.
 There are several objects here.
 You miss the giant beetle.
 The giant beetle bites!
 The bugbear throws a dagger!
 It is hit.
 It is destroyed!
 You smite the giant beetle!
 You smite the giant beetle.
 You miss the giant beetle.
 The giant beetle bites!
 The giant beetle misses!
 You miss the giant beetle.
 The giant beetle bites!
 The dagger hits the giant beetle.
 You smite the giant beetle.
 The giant beetle bites!
 You kill the giant beetle!
 The bugbear picks up a dagger.
 You miss the bugbear.
 The bugbear swings his elven broadsword.
 The bugbear hits!
 You miss the bugbear.
 The bugbear swings his elven broadsword.
 The bugbear hits!
 You die...
 Do you want your possessions identified? [ynq] (y) q

Inventory:
 Coins    ('$')
  $ - 91 gold pieces
 Weapons  (')')
  F - 74 +0 darts (at the ready)
  b - a +0 axe (weapon in right hand)
  a - a +0 two-handed sword
 Armor    ('[')
  Q - an uncursed +0 dwarvish iron helm (being worn)
  n - an uncursed burnt +2 pair of high boots (being worn)
  N - an uncursed +0 dwarvish cloak
  i - an uncursed +0 elven cloak (being worn)
  c - an uncursed +0 ring mail (being worn)
 Comestibles  ('%')
  k - an uncursed food ration
  W - an uncursed food ration
  q - an uncursed tripe ration
 Scrolls  ('?')
  y - 2 uncursed scrolls of confuse monster
  p - a blessed scroll of destroy armor
  m - 2 uncursed scrolls of destroy armor
  S - an uncursed scroll of food detection
  l - 2 uncursed scrolls of remove curse
  e - 2 uncursed scrolls of scare monster
  t - a blessed scroll of taming
  U - an uncursed scroll of teleportation
 Potions  ('!')
  Z - an uncursed potion of booze
  v - an uncursed potion of confusion
  T - a blessed potion of gain ability
  h - an uncursed potion of oil
  u - an uncursed potion of water
 Rings    ('=')
  X - a cursed -1 ring of gain strength
  g - an uncursed ring of searching (on right hand)
 Wands    ('/')
  r - a wand of fire (0:1)
  o - a wand of sleep (0:1)
 Tools    ('(')
  R - an uncursed blindfold
  d - an uncursed magic lamp
  f - an uncursed magic lamp
  J - a magic marker (0:60)
  H - a +0 pick-axe (alternate weapon; not wielded)
  V - an uncursed skeleton key
 Gems/Stones  ('*')
  P - an uncursed worthless piece of green glass
  I - 2 uncursed worthless pieces of yellow glass

Barrb the Barbarian's attributes:

Background:
 You were a Bandit, a level 7 female human Barbarian.
 You were neutral, on a mission for Crom
 who was opposed by Mitra (lawful) and Set (chaotic).
 You were right-handed.
 You were in the Gnomish Mines, on level 7.
 You entered the dungeon 5405 turns ago.
 You had 1137 experience points, 143 more were needed to attain level 8.

Basics:
 You had 0 out of 72 hit points.
 You had all 21 energy points (spell power).
 Your armor class was 1.
 Your wallet contained 91 zorkmids.
 Autopickup was off.

Final Characteristics:
 Your strength was 18/01 (limit:18/100).
 Your dexterity was 12 (peak:15, limit:18).
 Your constitution was 18 (limit:18).
 Your intelligence was 7 (limit:18).
 Your wisdom was 12 (limit:18).
 Your charisma was 6 (limit:18).

Final Status:
 You were satiated.
 You were burdened; movement was slightly slowed.
 You were wielding an axe.
 You had basic skill with axe.

Final Attributes:
 You were piously aligned.
 You were poison resistant.
 You were telepathic.
 You had automatic searching.
 You were stealthy.
 You were warded.
 You were fast.
 You are dead.

Miscellaneous:
 You didn't encounter any bones levels.
 Total elapsed playing time was 1 hour, 14 minutes and 35 seconds.

Major events:
 Turn
    1: Barrb the neutral female human Barbarian entered the dungeon
  984: entered the Gnomish Mines
 1102: attained the rank of Pillager (level 3)
 3187: attained the rank of Bandit (level 6)
 4279: reached Mine Town
 5405: killed by a bugbear

You didn't know any spells.

Skills:
 Fighting Skills
   bare handed combat [Basic]
   two weapon combat  [Unskilled]
   riding             [Unskilled]
 Weapon Skills
   dagger             [Unskilled]
   axe                [Basic]
   pick-axe           [Unskilled]
   short sword        [Unskilled]
   broadsword         [Unskilled]
   long sword         [Unskilled]
   two-handed sword   [Skilled]
   saber              [Unskilled]
   club               [Unskilled]
   mace               [Unskilled]
   morning star       [Unskilled]
   flail              [Unskilled]
   hammer             [Unskilled]
   quarterstaff       [Unskilled]
   spear              [Unskilled]
   trident            [Unskilled]
   bow                [Unskilled]
 Spellcasting Skills
   attack spells      [Unskilled]
   escape spells      [Unskilled]

Voluntary challenges:
 Character rerolling was not enabled.
 You never genocided any monsters.
 You never polymorphed an object.
 You never changed form.
 You used no wishes.
Achievements:
 You entered a shop.
 You entered the Gnomish Mines.
 You attained the rank of Pillager.
 You attained the rank of Bandit.
 You entered Minetown.
 You entered a temple.

 The Dungeons of Doom: levels 1 to 6
    Level 1:
    Level 2:
       A tool shop, an altar.
    Level 3:
       A general store, some fountains.
       Stairs down to The Gnomish Mines.
    Level 4:
       A general store.
    Level 5:
    Level 6:
       A fountain.
 The Gnomish Mines: levels 4 to 7
    Level 4:
    Level 5:
    Level 6:
    Level 7: <- You were here.
       Many shops, a temple and an altar, many fountains.
       Final resting place for
          you, killed by a bugbear.


Vanquished creatures:
  a large mimic
  a giant beetle
  2 wolves
  2 Green-elves
  a dwarf leader
  a human zombie
  a rope golem
  a wood nymph
  3 rock moles
  a fog cloud
  2 yellow lights
 10 gnome leaders
  a straw golem
  a floating eye
  8 dwarves
  a kobold shaman
  6 rothes
  2 giant bats
  a wererat
  2 werejackals
  3 iguanas
 an acid blob
  2 hobbits
  a hobgoblin
  a giant rat
  a cave spider
 33 gnomes
  a garter snake
  a gnome zombie
  3 geckos
  2 jackals
  3 foxes
  3 goblins
  4 sewer rats
 18 grid bugs
  2 lichens
  5 newts
132 creatures vanquished.

No species were genocided or became extinct.

Game over:
                       ----------
                      /          \
                     /    REST    \
                    /      IN      \
                   /     PEACE      \
                  /                  \
                  |      Barrb       |
                  |      91 Au       |
                  |   killed by a    |
                  |     bugbear      |
                  |                  |
                  |                  |
                  |       2026       |
                 *|     *  *  *      | *
        _________)/\\_//(\/(/\)/\//\/|_)_______

Goodbye Barrb the Barbarian...

You died in The Gnomish Mines on dungeon level 7 with 4960 points,
and 91 pieces of gold, after 5405 moves.
You were level 7 with a maximum of 72 hit points when you died.

